 Dungeon Crawl Stone Soup version 0.21-a0-229-g3587535 (webtiles) character file.

6236 GordonOverkill the Jinx (level 10, 0/44 HPs)
             Began as a Spriggan Enchanter on Sept 1, 2017.
             Was an Initiate of Gozag.
             Slain by a death yak (23 damage)
             ... on level 8 of the Dungeon.
             The game lasted 00:31:29 (11272 turns).

GordonOverkill the Jinx (Spriggan Enchanter)       Turns: 11272, Time: 00:31:29

Health: 0/44       AC:  4    Str:  4    XL:     10   Next: 62%
Magic:  22/22      EV: 24    Int: 16    God:    Gozag
Gold:   618        SH:  0    Dex: 21    Spells: 12/24 levels left

rFire    + . .     SeeInvis +   j - +10 dagger "Lureisee" {freeze, +Inv +Fly}
rCold    . . .     Gourm    .   (shield restricted)
rNeg     . . .     Faith    .   b - +0 robe
rPois    .         Spirit   .   f - +2 hat
rElec    .         Reflect  .   (no cloak)
rCorr    .         Harm     .   (gloves unavailable)
MR       +....                  (boots unavailable)
Stlth    +++++.....             (no amulet)
HPRegen  0.14/turn              q - +3 ring of evasion
MPRegen  0.18/turn              u - ring of protection from fire

@: gold aura, very slightly contaminated, invisible, very quick
A: unfitting armour, see invisible, herbivore 3, speed 3, slow metabolism 2
a: Potion Petition, Call Merchant, Bribe Branch, Renounce Religion, Evoke Flight


You were on level 8 of the Dungeon.
You worshipped Gozag.
Gozag was pleased with you.
You were very hungry.

You visited 2 branches of the dungeon, and saw 9 of its levels.

You collected 927 gold pieces.
You spent 225 gold pieces at shops.
You paid 84 gold pieces to Gozag.

Inventory:

Hand Weapons
 a - a +1 dagger
 e - a +0 rapier
 j - the +10 dagger "Lureisee" (weapon) {freeze, +Inv +Fly}
   (You found it on level 5 of the Dungeon)

   It has been specially enchanted to freeze those struck by it, causing extra
   injury to most foes and up to half again as much damage against particularly
   susceptible opponents.
   It can also slow down cold-blooded creatures.
   It lets you turn invisible.
   It lets you fly.
Missiles
 g - 62 sling bullets
Armour
 b - a +0 robe (worn)
 f - a +2 hat (worn)
 p - a +0 buckler
Jewellery
 q - a +3 ring of evasion (left hand)
 u - a ring of protection from fire (right hand)
Wands
 d - a wand of paralysis (14/24)
Scrolls
 h - 5 scrolls of teleportation
 m - a scroll of enchant weapon
 s - 2 scrolls of remove curse
 w - a scroll of identify
 y - a scroll of fear
Potions
 c - a potion of magic
 i - a potion of ambrosia
 k - 2 potions of lignification
 l - 3 potions of brilliance
 n - 2 potions of heal wounds
 r - a potion of invisibility {unknown}
 t - a potion of resistance {unknown}
 v - a potion of berserk rage {unknown}
 z - a potion of flight {unknown}
Comestibles
 o - 2 bread rations


   Skills:
 + Level 6.8 Short Blades
 - Level 5.2 Dodging
 + Level 10.8 Stealth
 + Level 3.8 Shields
 + Level 7.7 Spellcasting
 * Level 11.0 Hexes
 + Level 6.9 Evocations


You had 12 spell levels left.
You knew the following spells:

 Your Spells              Type           Power        Failure   Level  Hunger
a - Corona                Hex            #####..      1%          1    None
b - Ensorcelled Hibernat  Hex/Ice        ###...       1%          2    None
c - Confuse               Hex            #####...     1%          3    ##.....
d - Tukima's Dance        Hex            #####...     1%          3    ##.....
e - Dazzling Spray        Conj/Hex       ###...       3%          3    ##.....


Dungeon Overview and Level Annotations

Branches:
Dungeon (8/15)             Temple (1/1) D:5            Lair (0/6) D:8

Altars:
Ashenzari
Cheibriados
Dithmenos
Elyvilon
Fedhas
Gozag
Hepliaklqana
Kikubaaqudgha
Makhleb
Nemelex Xobeh
Okawaru
Qazlal
Ru
Sif Muna
Trog
Vehumet
Wu Jian
Xom
Zin
The Shining One

Shops:
D:4 ?   D:7 ?


Innate Abilities, Weirdness & Mutations

You are very small and have problems with some larger weapons.
You are too small for most types of armour.
You have supernaturally acute eyesight. (SInv)
You are a herbivore.
You cover ground extremely quickly.
You need consume almost no food.


Message History

The death yak completely misses you.
You see here 24 gold pieces.
Found a stone staircase leading up.
You hit the death yak. You freeze the death yak.
The death yak is heavily wounded.
The death yak closely misses you.
You puncture the death yak! You freeze the death yak.
The death yak is severely wounded.
The death yak misses you.
You puncture the death yak! You freeze the death yak.
The death yak is almost dead.
You hit the death yak but do no damage.
The death yak is almost dead.
The death yak completely misses you.
You hit the death yak but do no damage.
The death yak is severely wounded.
The death yak gores you!!
Ouch! That really hurt!
You die...
Your body crumbles into a pile of gold.

..≈≈..< ..≈..
..$.. .... #..+##
####....##
#........#
#....@Y..#
#...$$$..##
##.........##.#
###..............
.......>....###.#
#.......#..###.#
#..............#
##.........#####.#
#.......#.......#


You could see a death yak.

Vanquished Creatures
  5 death yaks (D:8)
  2 hippogriffs
  A hungry ghost (D:7)
  2 orc warriors (D:6)
  A phantom (D:5)
  2 sky beasts
  An ogre (D:4)
  5 centaurs
  A bullfrog (D:6)
  2 gnoll sergeants (D:6)
  3 scorpions
  4 howler monkeys
  2 crimson imps
  A quasit (D:5)
  A jelly (D:7)
  A gnoll shaman (D:6)
  3 hounds
  4 orc priests
  An iguana (D:7)
  4 orc wizards
  9 worker ants
  2 hound skeletons (D:7)
  16 adders
  16 gnolls
  3 oozes
  An adder skeleton (D:6)
  4 worms
  3 dart slugs (D:1)
  4 leopard geckos
  21 orcs
  3 giant cockroaches
  9 goblins
  15 hobgoblins
  8 jackals
  6 quokkas
  2 ball pythons
  A ball python zombie (D:5)
  8 bats
  3 frilled lizards
  2 jackal skeletons
  6 kobolds
  2 leopard gecko skeletons
  A quokka zombie (D:6)
  10 rats
201 creatures vanquished.

Vanquished Creatures (others)
  A dancing weapon (D:7)
1 creature vanquished.

Grand Total: 202 creatures vanquished

Notes
Turn   | Place    | Note
-------+----------+-------------------------------------------
     0 | D:1      | GordonOverkill the Spriggan Enchanter began the quest for the Orb.
     0 | D:1      | Reached XP level 1. HP: 9/9 MP: 5/5
   421 | D:1      | Reached XP level 2. HP: 5/13 MP: 6/6
   563 | D:1      | Reached skill level 4 in Hexes
  1336 | D:1      | Learned a level 2 spell: Ensorcelled Hibernation
  1819 | D:1      | Reached XP level 3. HP: 13/16 MP: 2/8
  2135 | D:2      | Reached skill level 5 in Stealth
  2265 | D:2      | Learned a level 3 spell: Confuse
  2267 | D:2      | Found a shattered altar of Ashenzari.
  2475 | D:2      | Reached XP level 4. HP: 21/21 MP: 9/9
  2512 | D:2      | Learned a level 3 spell: Tukima's Dance
  2924 | D:2      | Found a glowing golden altar of the Shining One.
  3736 | D:3      | Reached skill level 5 in Hexes
  3736 | D:3      | Reached XP level 5. HP: 24/24 MP: 11/11
  3920 | D:3      | HP: 1/24 [hound (3)]
  4887 | D:4      | Reached XP level 6. HP: 28/28 MP: 9/13
  5646 | D:4      | Found a stormy altar of Qazlal.
  5727 | D:4      | Found Duamip's Magic Scroll Emporium.
  5735 | D:4      | Bought a scroll of enchant armour for 90 gold pieces
  5736 | D:4      | Bought a scroll of enchant weapon for 90 gold pieces
  5898 | D:4      | Reached skill level 6 in Hexes
  5980 | D:4      | Reached skill level 5 in Dodging
  6156 | D:4      | Reached XP level 7. HP: 32/32 MP: 11/14
  6622 | D:4      | Learned a level 3 spell: Dazzling Spray
  6635 | D:5      | Entered Level 5 of the Dungeon
  6714 | D:5      | Got a scorched dagger
  6715 | D:5      | Identified the +10 dagger "Lureisee" {freeze, +Inv +Fly} (You found it on level 5 of the Dungeon)
  6863 | D:5      | Reached skill level 1 in Evocations
  6962 | D:5      | Reached skill level 7 in Hexes
  7151 | D:5      | Reached skill level 1 in Shields
  7153 | D:5      | Found a staircase to the Ecumenical Temple.
  7169 | D:5      | Reached skill level 5 in Spellcasting
  7169 | D:5      | Reached XP level 8. HP: 36/36 MP: 13/16
  7261 | Temple   | Entered the Ecumenical Temple
  7406 | Temple   | Became a worshipper of Gozag Ym Sagoz the Greedy
  8145 | D:6      | Reached skill level 8 in Hexes
  8953 | D:6      | Reached skill level 5 in Short Blades
  9068 | D:7      | Reached XP level 9. HP: 39/39 MP: 7/19
 10090 | D:7      | Reached skill level 9 in Hexes
 10151 | D:7      | Found Niomig's Magic Scroll Emporium.
 10160 | D:7      | Bought a scroll of fear for 45 gold pieces
 10190 | D:7      | Reached skill level 5 in Evocations
 10203 | D:7      | Found a bloodstained altar of Trog.
 11093 | D:8      | Noticed a death yak
 11094 | D:8      | Noticed a death yak
 11095 | D:8      | Found a staircase to the Lair.
 11109 | D:8      | Killed a death yak
 11109 | D:8      | Reached skill level 10 in Hexes
 11122 | D:8      | Killed a death yak
 11122 | D:8      | Reached skill level 10 in Stealth
 11122 | D:8      | Reached XP level 10. HP: 44/44 MP: 19/21
 11239 | D:8      | Noticed a death yak
 11240 | D:8      | Noticed a death yak
 11240 | D:8      | Noticed a death yak
 11241 | D:8      | Noticed a death yak
 11251 | D:8      | Killed a death yak
 11253 | D:8      | Killed a death yak
 11263 | D:8      | Killed a death yak
 11263 | D:8      | Reached skill level 11 in Hexes
 11272 | D:8      | Slain by a death yak

Vault maps used:
D:1:      minmay_arrival_four_circles, minmay_nonomino_d4
D:2:      nicolae_overflow_hidden_temple, nicolae_ashenzari_panopticon,
          first_bread
D:4:      kennysheep_mini_moat, serial_shops, nicolae_shop_crystal
D:5:      minmay_temple_entry_large_hall
D:7:      lemuel_upstairs_altar, overflow_temple_1_default, serial_shops, shop,
          serial_glass, glass_columns_a, glass_columns_b
D:8:      dpeg_lair_monsters, serial_shops, nicolae_shop_waterfront,
          kennysheep_generic_room_4
Temple:   eino_temple_rhombus

Skill      XL: |  1  2  3  4  5  6  7  8  9 10 |
---------------+-------------------------------+-----
Hexes          | 4 5 6 7 8 10 11 | 11.0
Stealth        | 5 6 7 8 10 | 10.8
Spellcasting   | 3 4 5 6 7 |  7.7
Short Blades   | 2 3 4 5 6 |  6.8
Dodging        | 4 5 |  5.2
Evocations     | 2 4 6 |  6.9
Shields        | 1 2 3 |  3.8

Action                   |  1- 3 |  4- 6 |  7- 9 | 10-12 || total
-------------------------+-------+-------+-------+-------++-------
Melee: Dagger            |   134 |   138 |   150 |    24 ||   446
 Cast: Corona            |    23 |     8 |     3 |       ||    34
       Ensorcelled Hiber |    20 |    86 |    94 |       ||   200
       Confuse           |       |     1 |    23 |       ||    24
       Tukima's Dance    |       |       |     7 |       ||     7
 Abil: Evoke Invisibilit |       |       |     1 |     1 ||     2
  Use: Scroll            |       |    10 |     7 |       ||    17
 Stab: Sleeping          |    19 |    62 |    54 |       ||   135
       Confused          |       |       |    13 |       ||    13
       Invisible         |       |       |     3 |     7 ||    10
  Eat: Bread ration      |       |     1 |     1 |       ||     2
       Royal jelly       |       |       |     1 |       ||     1
       Fruit             |       |       |       |     1 ||     1
Armor: Robe              |    25 |    17 |    10 |       ||    52
Dodge: Dodged            |   110 |   135 |   185 |    13 ||   443

Table legend:
 A = Spawn XP
 B = Non-spawn XP
 C = Spawn XP percentage of total XP
 D = Spawn monster count
 E = Non-spawn monster count
 F = Spawn count percentage of total count
 G = Total turns spent on level
                    A         B        C        D         E        F      G
               +---------+---------+-------+---------+---------+-------+---------
         Total |     413 |    8496 |   4.6 |      26 |     175 |  12.9 | 11272
               +---------+---------+-------+---------+---------+-------+---------
           D:1 |      18 |      46 |  28.1 |       8 |      27 |  22.9 |  2375
           D:2 |      58 |     111 |  34.3 |       3 |      25 |  10.7 |  1670
           D:3 |      19 |     116 |  14.1 |       4 |      22 |  15.4 |  1096
           D:4 |      83 |     481 |  14.7 |       7 |      22 |  24.1 |  1494
           D:5 |     109 |     497 |  18.0 |       2 |      10 |  16.7 |  1072
           D:6 |       0 |    1695 |   0.0 |       0 |      45 |   0.0 |  2257
           D:7 |     126 |     814 |  13.4 |       2 |      17 |  10.5 |   659
           D:8 |       0 |    4736 |   0.0 |       0 |       7 |   0.0 |   497
               +---------+---------+-------+---------+---------+-------+---------
